 Dungeon Crawl Stone Soup version 0.28-a0-1182-g381e24db82 (webtiles) character file.

Game seed: 9273109706248882200

4 siradein the Caller (level 1, 0/9 HPs)
             Began as a Vine Stalker Summoner on Dec 16, 2021.
             Slain by a jackal (2 damage)
             ... on level 1 of the Dungeon.
             The game lasted 00:01:05 (350 turns).

siradein the Caller (Vine Stalker Summoner)          Turns: 350, Time: 00:01:06

Health: 0/9        AC:  2    Str: 10    XL:     1   Next: 60%
Magic:  0/4        EV: 12    Int: 15    God:
Gold:   9          SH:  0    Dex: 14    Spells: 3/4 levels left

rFire   . . .      SeeInvis .   (no weapon)
rCold   . . .      Faith    .   (no shield)
rNeg    . . .      Spirit   +   a - +0 robe
rPois   .          Reflect  .   (no helmet)
rElec   .          Harm     .   (no cloak)
rCorr   .          Rampage  .   (no gloves)
Will    .....                   (no boots)
Stlth   ++........              (no amulet)
HPRegen 0.03/turn               (no ring)
MPRegen 0.09/turn               (no ring)

@: no status effects
A: fangs 2, magic shield, antimagic bite, no potion heal 2
a: no special abilities


You were on level 1 of the Dungeon.
You visited 1 branch of the dungeon, and saw 1 of its levels.

You collected 9 gold pieces.

Inventory:

Armour
 a - a +0 robe (worn)
Potions
 b - a potion of attraction {unknown}


   Skills:
 + Level 1.6 Dodging
 + Level 2.6 Stealth
 + Level 2.2 Spellcasting
 + Level 4.0 Summonings


You had 3 spell levels left.
You knew the following spells:

 Your Spells              Type           Power      Damage    Failure   Level
a - Summon Small Mammal   Summ           52%        N/A       4%          1

Your spell library contained the following spells:

 Spells                   Type           Power      Damage    Failure   Level
 Call Imp                 Summ           13%        N/A       6%          2
 Call Canine Familiar     Summ           13%        N/A       12%         3
 Summon Guardian Golem    Hex/Summ       7%         N/A       28%         3
 Summon Lightning Spire   Summ/Air       7%         N/A       67%         4


Dungeon Overview and Level Annotations

Branches:
Dungeon (1/15)

Altars:

Shops:
D:1 [


Innate Abilities, Weirdness & Mutations

You have extremely sharp teeth.
When hurt, damage is shared between your health and your magic reserves.
Your bite disrupts and absorbs the magic of your enemies.
Potions cannot restore your health.


Message History

Your bat misses the jackal. The jackal bites you. x3
You are too injured to fight recklessly!
You are too injured to fight recklessly!
You are too injured to fight recklessly!
You swap places.
Your bat hits the jackal but does no damage.
Your rat bites the jackal.
Your bat hits the jackal. The jackal barely misses your bat.
The jackal bites your rat.
Your rat dies!
Your rat's corpse disappears in a puff of smoke!
You miss the jackal. You bite the jackal, but do no damage.
Your bat barely misses the jackal.
The jackal barely misses you. The jackal bites you.
Your bat hits the jackal but does no damage.
The jackal barely misses your bat.
The jackal bites you but does no damage.
You hit the jackal.
The jackal is moderately wounded.
Your bat closely misses the jackal.
The jackal bites you.
* * * LOW HITPOINT WARNING * * *
The jackal barely misses you.
Your bat misses the jackal.
Your bat barely misses the jackal.
Your bat hits the jackal.
There is a stone staircase leading down here.
You completely miss the jackal.
The jackal is moderately wounded.
The jackal completely misses you. The jackal misses you.
The jackal closely misses you.
You closely miss the jackal.
The jackal is heavily wounded.
Your bat misses the jackal. The jackal closely misses you.
Your bat barely misses the jackal.
The jackal misses you.
The jackal bites you but does no damage.
You hit the jackal. Your bite misses the jackal.
The jackal is severely wounded.
Your bat hits the jackal but does no damage. x2
The jackal bites you but does no damage.
The jackal bites you.
You die...

#..##.# ##..... ..
##.##.# ##.... ....
#..#.# ###..
.....###..#.# ###
..........#.###########
............##.........
##.##.......##.########
#....#..##[###
#......@h....#
#.....#.h....####
.......#.........#
..#.....#..b...##.#
..#.....#.#######'#
##### #.# #.......hhhh.
#...............#
####........w.w.#
#............#


You could see 2 jackals and a friendly bat (summoned).

Vanquished Creatures
  A bat (D:1)
1 creature vanquished.

Vanquished Creatures (collateral kills)
  A dart slug (D:1)
  A rat (D:1)
2 creatures vanquished.

Grand Total: 3 creatures vanquished

Notes
Turn   | Place    | Note
-------+----------+-------------------------------------------
     0 | D:1      | siradein the Vine Stalker Summoner began the quest for the
                  | Orb.
     0 | D:1      | Reached XP level 1. HP: 9/9 MP: 4/4
   212 | D:1      | Found Xeuwkanux's Antique Armour Emporium.
   252 | D:1      | Found a faded altar of an unknown god.
   350 | D:1      | Slain by a jackal

Illustrated notes

Levels and vault maps discovered:
D:1:      heliophobic_arrival_dark_side_of_the_moon, layout_basic,
          shapermc_ecumenical_altar_acropolis, serial_shops, shop

Action                   || total
-------------------------++-------
Melee: Unarmed           ||    14
       Bite              ||     3
 Cast: Summon Small Mamm ||     6
 Stab: Distracted        ||     1
Armor: Robe              ||     6
Dodge: Dodged            ||    15

Table legend: (Time is in decaauts)
 A = Elapsed time spent in this place.
 B = Non-inter-level travel time spent in this place.
 C = Inter-level travel time spent in this place.
 D = Time resting spent in this place.
 E = Time spent auto-exploring this place.
 F = Levels seen in this place.
 G = Mean time per level.
                   A        B        C        D        E       F      G
               +--------+--------+--------+--------+--------+-----+--------+
         Total |    350 |    350 |      0 |      0 |    301 |   1 |  350.0 |
       Dungeon |    350 |    350 |      0 |      0 |    301 |   1 |  350.0 |
               +--------+--------+--------+--------+--------+-----+--------+

Top non-repeatable levels by time:
     D:1: 350 daAuts
